 Dungeon Crawl Stone Soup version 0.27.0-1-g7a089689b8 (webtiles) character file.

Game seed: 12619547050158119446

611 hawla the Chopper (level 7, -1/51 HPs)
             Began as a Minotaur Gladiator on Aug 8, 2021.
             Slain by Sigmund (10 damage)
             ... on level 4 of the Dungeon.
             The game lasted 00:08:23 (4930 turns).

hawla the Chopper (Minotaur Gladiator)              Turns: 4930, Time: 00:08:23

Health: -1/51      AC:  0    Str: 20    XL:     7   Next: 20%
Magic:  6/6        EV: 15    Int:  5    God:
Gold:   182        SH:  0    Dex: 12    Spells: 6/6 levels left

rFire    . . .     SeeInvis .   (weapon currently unavailable)
rCold    . . .     Faith    .   (shield currently unavailable)
rNeg     . . .     Spirit   .   (armour currently unavailable)
rPois    .         Reflect  .   (helmet currently unavailable)
rElec    .         Harm     .   (cloak currently unavailable)
rCorr    .         Rampage  .   (gloves currently unavailable)
Will     .....                  (boots currently unavailable)
Stlth    +.........             (no amulet)
HPRegen  0.17/turn              (ring currently unavailable)
MPRegen  0.10/turn              (ring currently unavailable)

@: confused, pig-form (expiring), flying, very quick
A: fast, no casting, small, (horns 2), (retaliatory headbutt), frail 1
a: no special abilities


You were on level 4 of the Dungeon.
You were a filthy swine.
You visited 2 branches of the dungeon, and saw 5 of its levels.

You collected 182 gold pieces.

Inventory:

Hand Weapons
 a - a +0 war axe of flaming (melded)
Missiles
 d - 3 throwing nets
 g - 19 poisoned darts (quivered)
 k - 5 boomerangs
Armour
 c - a +1 hat (melded)
 h - a +0 chain mail (melded)
Jewellery
 e - a ring of magical power
 f - a +6 ring of strength (melded)
 j - a ring of positive energy (melded)
Wands
 l - a wand of digging (4)
 p - a wand of acid (17)
Scrolls
 m - a scroll of enchant armour
 n - 2 scrolls of identify


   Skills:
 + Level 3.4 Fighting
 + Level 7.9 Axes
 + Level 3.1 Throwing
 + Level 3.0 Armour
 + Level 4.1 Dodging
 + Level 1.0 Evocations


You had 6 spell levels left.
You didn't know any spells.
Your spell library contained the following spells:

 Spells                   Type           Power      Damage    Failure   Level
 Slow                     Hex            0%         N/A       63%         2
 Confusing Touch          Hex            0%         N/A       85%         3
 Vampiric Draining        Necr           0%         2d6       85%         3


Dungeon Overview and Level Annotations

Branches:
Dungeon (4/15)             Temple (1/1) D:4

Altars:
Cheibriados
Elyvilon
Fedhas
Gozag
Hepliaklqana
Kikubaaqudgha
Makhleb
Okawaru
Qazlal
Ru
Trog
Vehumet
Wu Jian
Yredelemnul
Zin
The Shining One

Annotations:
D:4 Sigmund


Innate Abilities, Weirdness & Mutations

You are a filthy swine.
You move quickly.
Your equipment is almost entirely melded.
You are incapable of wielding weapons or throwing items.
You cannot cast spells.
((You have a pair of horns on your head.))
((You reflexively headbutt those who attack you in melee.))
You are frail. (-10% HP)


Message History

You're too confused to move!
You feel less confused. Something barely misses you.
You hit something but do no damage. Something closely misses you.
You barely miss something. You hit something. Something barely misses you.
You hit something. Something hits you!
You hit something. Something hits you.
You miss something. Something hits you.
You hit something. Something hits you!
You barely miss something. Something hits you.
* * * LOW HITPOINT WARNING * * *
It was a potion of mutation.
You feel extremely strange.
You feel frail. Something hits you.
* * * LOW HITPOINT WARNING * * *
It was a potion of flight.
You feel very buoyant.
You fly up into the air.
Something hits you!
* * * LOW HITPOINT WARNING * * *
It was a potion of curing.
You feel better.
Your transformation is almost over.
Something hits you.
* * * LOW HITPOINT WARNING * * *
As you read the scroll labelled MIOQIAFAHE, it crumbles to dust.
It is a scroll of enchant armour.
Your +0 hat glows green for a moment.
You hear some strange, mumbled words.
Something tries to affect you, but you resist.
You aren't carrying any potions.
You don't have any unidentified items.
You hit something. You miss something. Something hits you.
* * * LOW HITPOINT WARNING * * *
You miss something.
You hear some strange, mumbled words.
You are confused.
Unknown command.
Something hits you!
You die...

#....#
####.≈≈§≈≈≈≈
#....# #.§≈≈>≈≈§
#....# #.≈≈§≈≈≈§
#....# ##.≈≈§§≈.
#....###########
#..≈≈≈..
#..............#
##.#...#
#..............#
#.....#
#......{.......#
###...#
####....h.....[#
#...#
########....#
#(.># ...# #....
..# ###.# .# #.#
# #.# #.# #.#
#.#


There were no monsters in sight!

Vanquished Creatures
  A centaur (D:4)
  An ogre (D:4)
  A scorpion (D:4)
  A centaur skeleton (D:4)
  2 orc priests
  2 iguanas (D:4)
  3 orc wizards
  4 adders
  3 gnolls (D:3)
  A white imp (D:4)
  2 adder skeletons (D:4)
  2 worms (D:3)
  2 dart slugs
  8 orcs
  10 ball pythons
  6 bats
  13 endoplasms
  A giant cockroach (D:3)
  6 goblins
  2 hobgoblins (D:2)
  3 jackals (D:3)
  4 quokkas
  A ball python skeleton (D:3)
  A frilled lizard (D:2)
  9 kobolds
  6 rats
95 creatures vanquished.

Notes
Turn   | Place    | Note
-------+----------+-------------------------------------------
     0 | D:1      | hawla the Minotaur Gladiator began the quest for the Orb.
     0 | D:1      | Reached XP level 1. HP: 18/18 MP: 0/0
   187 | D:1      | Reached XP level 2. HP: 25/25 MP: 1/1
   414 | D:1      | Found a faded altar of an unknown god.
   907 | D:1      | Reached skill level 1 in Armour
  1315 | D:2      | Reached XP level 3. HP: 24/30 MP: 2/2
  2119 | D:3      | Reached skill level 4 in Axes
  2311 | D:3      | Reached skill level 1 in Evocations
  2311 | D:3      | Reached XP level 4. HP: 25/38 MP: 3/3
  2593 | D:3      | Reached skill level 5 in Axes
  2785 | D:3      | Reached XP level 5. HP: 41/45 MP: 4/4
  3226 | D:4      | Found a staircase to the Ecumenical Temple.
  3231 | Temple   | Entered the Ecumenical Temple
  3506 | D:4      | Reached skill level 6 in Axes
  3517 | D:4      | Reached XP level 6. HP: 13/51 MP: 5/5
  3765 | D:4      | Reached skill level 7 in Axes
  3793 | D:4      | Noticed Sigmund
  4494 | D:4      | Reached XP level 7. HP: 57/57 MP: 6/6
  4923 | D:4      | Gained mutation: You are frail. (-10% HP) [potion of
                  | mutation]
  4930 | D:4      | Slain by Sigmund

Illustrated notes

Levels and vault maps discovered:
D:1:      ebering_trefoil_twist, layout_loops_corners, basic_ecumenical_altar
D:2:      layout_loops_cross
D:3:      cheibrodos_old_hovel, layout_basic, chequers_serial_rivers_micro_c
D:4:      layout_basic, minmay_temple_entry_mist, gammafunk_ghost_necromancy,
          minmay_fractal_squares_diagonal_5, uniq_sigmund
Temple:   eino_temple_scatter_basement

Skill      XL: |  1  2  3  4  5  6  7 |
---------------+----------------------+-----
Armour         | 1 2 3 |  3.0
Fighting       | 3 |  3.4
Axes           | 4 5 6 7 |  7.9
Evocations     | 1 |  1.0
Throwing       | 3 |  3.1
Dodging        | 4 |  4.1

Action                   |  1- 3 |  4- 6 |  7- 9 || total
-------------------------+-------+-------+-------++-------
Melee: War axe           |    82 |   107 |     9 ||   198
       Headbutt          |    13 |    25 |     3 ||    41
       Unarmed           |       |       |    12 ||    12
Throw: Dart              |       |     8 |     7 ||    15
       Throwing net      |       |       |     1 ||     1
  Use: Scroll            |     3 |     1 |     1 ||     5
       Potion            |       |       |     3 ||     3
 Stab: Sleeping          |     1 |       |       ||     1
Armor: Leather armour    |    22 |       |       ||    22
       Chain mail        |     2 |    67 |     6 ||    75
Dodge: Dodged            |    49 |    48 |     9 ||   106
